AoeStats
← El_Generalísimo

Arena

509059032Analyzed
1v1 RM · 8d ago on Sep 25, 2026· 24m 51s· 2 players
Game mode
Random Map
Map size
Tiny (2 player)
Population
200
Speed
Normal
Resources
Standard
Victory
Conquest
Starting age
Dark Age
Ending age
Imperial Age
RankedLock teamsTeams togetherTeam positionsShared explorationLock speedFull tech treeHidden civsTurbo modeCheats
Victory
Defeat
🇹🇼 Burgundians · Taiwan
868
+14
🇪🇸 Spanish · Spain
829
-14
英京塚大
3:40 Double-Bit Axe
9:15 Horse Collar
11:50 Feudal Age
13:38 Bow Saw
14:03 Heavy Plow
19:00 Castle Age
18:45 Scale Barding Armor
18:51 Forging
19:58 Husbandry
19:19 Cavalier
20:55 Gold Mining
22:25 Chain Barding Armor
24:42 Iron Casting
El_Generalísimo
8:55 Loom
11:50 Feudal Age
12:14 Horse Collar
12:22 Double-Bit Axe
17:46 Castle Age
21:07 Bloodlines
20:59 Husbandry
20:56 Gold Mining
20:57 Stone Mining
21:21 Bow Saw
Connection lost

Rejoining the realm…

Still unreachable

The connection could not be restored.

Session expired

The server has moved on; the page needs a fresh start.